Cogmind - Beta 13 @@@ ROGUE MODE // 2024.04.25 @ 21:42:35 Player: Bace Troncons Result: Destroyed by as-47336 with Assembled Blade Performance ------------- Evolutions (1) 500 Regions Visited (4) 800 Robots Destroyed (38) 190 Value Destroyed (1191) 1191 Prototype IDs (5) 100 Alien Tech Used (0) 0 Bonus (0) 0 TOTAL SCORE: 2781 Bonus ------- None Cogmind --------- Core Integrity 0/400 Matter 300/300 Energy 280/280 System Corruption 1% Temperature Cool (0) Movement Core (550) Ox10 Location -9/Mines Parts ------- > --- POWER (1) -------- Heavy Ion Engine > --- PROPULSION (2) --- (None) > --- UTILITY (4) ------ Large Storage Unit Experimental Sensor Array Signal Interpreter ECM Suite > --- WEAPON (2) ------- Makeshift Spear > --- INVENTORY (15) --- Ion Engine Improved Ion Engine Assault Rifle Assault Rifle Assault Rifle Light Assault Rifle Heavy Assault Rifle Rocket Launcher Mini Grenade Launcher Datajack Peak State ------------ > --- POWER ------------ Heavy Ion Engine > --- PROPULSION ------- Light Treads Light Treads > --- UTILITY ---------- Large Storage Unit Experimental Sensor Array Signal Interpreter ECM Suite > --- WEAPON ----------- Heavy Assault Rifle Makeshift Spear > --- INVENTORY -------- Ion Engine Ion Engine Light Ion Engine Light Treads Assault Rifle Assault Rifle Assault Rifle Light Assault Rifle Rocket Launcher Datajack [Rating: 24] Favorites ----------- Power Light Ion Engine Engine Light Ion Engine Power Core Light Nuclear Core Propulsion Light Treads Treads Light Treads Utility Large Storage Unit Device ECM Suite Storage Large Storage Unit Processor Signal Interpreter Protection Propulsion Shielding Weapon Light Assault Rifle Energy Gun EM Pulse Gun Ballistic Gun Light Assault Rifle Launcher Rocket Launcher Slashing Weapon Mining Claw Piercing Weapon Makeshift Spear Build | -11 -10 -10 -9 -9 ------- Run | Yrd Mat Min Mat Min Slots Evolved 2 | . . . 2 . Power . | . . . . . Propulsion . | . . . . . Utility 2 | . . . 2 . Weapon . | . . . . . Parts Attached 41 | 6 14 2 19 . Power 9 | 1 2 1 5 . Engine 8 | 1 1 1 5 . Core 1 | . 1 . . . Reactor . | . . . . . Propulsion 11 | 2 3 . 6 . Treads 11 | 2 3 . 6 . Leg . | . . . . . Wheel . | . . . . . Hover . | . . . . . Flight . | . . . . . Utility 7 | 1 3 . 3 . Device 3 | . 1 . 2 . Storage 2 | 1 1 . . . Processor 1 | . 1 . . . Hackware . | . . . . . Protection 1 | . . . 1 . Artifact . | . . . . . Weapon 14 | 2 6 1 5 . Energy Gun 1 | 1 . . . . Energy Cannon . | . . . . . Ballistic Gun 8 | 1 4 1 2 . Ballistic Cannon . | . . . . . Launcher 2 | . . . 2 . Special Weapon . | . . . . . Impact Weapon . | . . . . . Slashing Weapon 2 | . 2 . . . Piercing Weapon 1 | . . . 1 . Special Melee Weapon . | . . . . . Unidentified Prototypes . | . . . . . Parts Lost 11 | . 2 . 7 2 Power 3 | . 1 . 2 . Propulsion 6 | . . . 4 2 Utility 2 | . 1 . 1 . Weapon . | . . . . . Highest Loss Streak 3 | . 1 . 3 2 To Critical Strikes . | . . . . . Average Slot Usage (%) 94 | . 91 100 92 87 Engine 10 | . 8 14 10 11 Core 1 | . 5 . . . Treads 25 | . 27 28 21 21 Device 6 | . 2 . 15 22 Storage 12 | . 14 14 11 11 Processor 9 | . 3 14 11 11 Protection 1 | . . . 3 . Energy Gun 1 | . 3 . . . Ballistic Gun 15 | . 14 24 8 . Slashing Weapon 4 | . 9 3 . . Piercing Weapon 3 | . . . 9 11 Naked Turns . | . . . . . Heaviest Build 36 | 13 29 26 36 33 Greatest Support 40 | 40 40 40 40 40 Greatest Overweight (x) 3 | 3 1 . 1 . Average Overweight (x) . | . . . . . Largest Inventory Capacity 15 | 8 15 15 15 15 Average Capacity 14 | 7 12 15 15 15 Most Carried 15 | 3 14 15 15 10 Average Carried 10 | 2 8 13 11 10 Final Capacity 15 | 8 15 15 15 15 Final Carried 13 | 3 11 13 10 10 Class Distribution -------------------- 95% | Mutant 4% | Scavenger-Mutant Dominant Class ---------------- Mutant | -10/Materials Mutant | -10/Mines Mutant | -9/Materials Mutant | -9/Mines Resources | -11 -10 -10 -9 -9 ----------- Run | Yrd Mat Min Mat Min Matter Collected 736 | 198 194 99 235 10 Remotely . | . . . . . Salvage Created 1610 | . 641 142 827 . Parts 94 | . 32 13 49 . Haulers Intercepted 2 | . 2 . . . Recyclers Shooed . | . . . . . Parts Field Recycled . | . . . . . Retrieved Matter . | . . . . . Parts Self-Destructed . | . . . . . Prevented . | . . . . . Kills | -11 -10 -10 -9 -9 ------- Run | Yrd Mat Min Mat Min Combat Hostiles Destroyed 31 | . 11 5 15 . Melee 14 | . . . 14 . Guns 15 | . 10 5 . . AOE 2 | . 1 . 1 . Classes Destroyed 8 | . 3 1 4 . Hauler 2 | . 2 . . . Recycler 2 | . . . 2 . Operator 1 | . . . 1 . Watcher 2 | . 1 . 1 . Swarmer 3 | . . 3 . . Grunt 22 | . 11 2 9 . Brawler 1 | . . . 1 . Sentry 5 | . . . 5 . Best Kill Streak 3 | . 3 3 3 . Combat Bots Only 3 | . 3 3 3 . Max Kills in Single Turn 1 | . 1 1 1 . Gunslinging . | . . . . . Exploded 1 | . 1 . 1 . Melee 1 | . . . 1 . Uniques/NPCs Destroyed . | . . . . . Combat | -11 -10 -10 -9 -9 -------- Run | Yrd Mat Min Mat Min Hostile Shots Fired 201 | . 54 26 114 7 Missed 51 | . 17 6 26 2 Damage Taken 2176 | . 504 198 1300 174 Core 568 | . 109 39 351 69 Absorbed by Shields . | . . . . . Redirected to Shielding 54 | . . . 54 . Core Remaining (%) 70 | 100 . 40 . . Volleys Fired 86 | . 60 12 14 . Largest 2 | . 2 2 2 . Hottest 60 | . 60 40 40 . Shots Fired 121 | . 83 19 19 . Gun 115 | . 83 19 13 . Cannon . | . . . . . Launcher 6 | . . . 6 . Special . | . . . . . Kinetic 94 | . 62 19 13 . Thermal . | . . . . . Explosive 6 | . . . 6 . Electromagnetic 21 | . 21 . . . Robot Hit Streak 12 | . 12 10 5 . Robot Miss Streak 4 | . 4 4 2 . Penetration Max . | . . . . . Secondary Targets . | . . . . . Shots Hit Robots 128 | . 60 12 56 . Core Hits 65 | . 29 9 27 . Critical Kills . | . . . . . Critical Parts Destroyed 1 | . 1 . . . Critical Strikes 8 | . 2 . 6 . Destroy 1 | . 1 . . . Corrupt 1 | . 1 . . . Impale 6 | . . . 6 . Melee Attacks 97 | . 14 . 75 8 Impact . | . . . . . Slashing 14 | . 14 . . . Piercing 83 | . . . 75 8 Sneak Attacks 3 | . . . 3 . Combat Hostiles . | . . . . . Follow-up Attacks . | . . . . . Damage Inflicted 2375 | . 631 101 1643 . Guns 702 | . 562 101 39 . Cannons . | . . . . . Explosions 301 | . 44 . 257 . Melee 1372 | . 25 . 1347 . Ramming . | . . . . . Kinetic 489 | . 349 101 39 . Thermal 44 | . 44 . . . Explosive 257 | . . . 257 . Electromagnetic 213 | . 213 . . . Impact . | . . . . . Slashing 25 | . 25 . . . Piercing 1347 | . . . 1347 . Highest Corruption 1 | . . . 1 1 Average Corruption 1 | . . . 1 1 Corruption Purged . | . . . . . Corruption Blocked . | . . . . . Effects 4 | . . . 2 2 Data Loss (minor) 3 | . . . 2 1 Data Loss (major) 1 | . . . . 1 Overload Shots . | . . . . . Overflow Damage 124 | . . . 124 . Projectiles . | . . . . . Explosions 18 | . . . 18 . Melee 106 | . . . 106 . Knockbacks . | . . . . . Impact . | . . . . . Kinetic . | . . . . . Secondary . | . . . . . Self-Inflicted Damage 53 | . 53 . . . Shots 1 | . 1 . . . Rammed . | . . . . . Targets Rammed . | . . . . . Kicked . | . . . . . Crushed . | . . . . . Highest Temperature 71 | . 71 18 7 . Average Temperature 13 | . 13 10 4 . Received Heat Transfer 831 | . 279 60 492 . Siege Activations . | . . . . . Robots Corrupted . | . . . . . Combat Hostiles . | . . . . . Parts Fried . | . . . . . Impact Corruptions . | . . . . . Robots Melted . | . . . . . Combat Hostiles . | . . . . . Parts Melted . | . . . . . Heat Transferred 50 | . 50 . . . Parts Sabotaged . | . . . . . Parts Stolen . | . . . . . Parts Stripped . | . . . . . Power Chain Reactions 1 | . 1 . . . Alert | -11 -10 -10 -9 -9 ------- Run | Yrd Mat Min Mat Min Peak Influence 244 | . 193 70 244 70 Initial 70 | . . 6 . 70 Average 59 | . 59 15 112 69 Maximum Alert Level 1 | . . . 1 . Low Security (%) 99 | 100 100 100 97 100 Level 1 . | . . . 2 . Level 2 . | . . . . . Level 3 . | . . . . . Level 4 . | . . . . . Level 5 . | . . . . . High Security . | . . . . . Max Security . | . . . . . Squads Dispatched 3 | . 2 . 1 . Investigation 2 | . 2 . . . Extermination . | . . . . . Reinforcement 1 | . . . 1 . Assault . | . . . . . Garrison . | . . . . . Intercept . | . . . . . Searches Triggered . | . . . . . Construction Impeded . | . . . . . Haulers Reinforced . | . . . . . Active Scanning Responses . | . . . . . Cargo Convoy Interrupts . | . . . . . Stealth | -11 -10 -10 -9 -9 --------- Run | Yrd Mat Min Mat Min Distress Signals 4 | . . . 3 1 Communications Jammed . | . . . . . Distress Signals . | . . . . . Times Spotted 58 | . 21 5 31 1 Peak Tracking Total 3 | . 3 3 3 2 Tactical Retreats 8 | . . . 7 1 Traps | -11 -10 -10 -9 -9 ------- Run | Yrd Mat Min Mat Min Traps Triggered 5 | . 2 . 3 . Indirectly . | . . . . . Trap Hack Attempts . | . . . . . Triggered . | . . . . . Disarmed . | . . . . . Reprogrammed . | . . . . . Reused . | . . . . . Traps Extracted . | . . . . . Installed . | . . . . . Triggered . | . . . . . Machines | -11 -10 -10 -9 -9 ---------- Run | Yrd Mat Min Mat Min Machines Disabled 1 | . . . 1 . Max in Single Turn 1 | . . . 1 . Machines Repaired . | . . . . . Machines Dismantled . | . . . . . Machines Sabotaged . | . . . . . Overloaded Fab Kills . | . . . . . Hacking | -11 -10 -10 -9 -9 --------- Run | Yrd Mat Min Mat Min Machines Accessed 15 | . 8 1 6 . Terminals 11 | . 7 . 4 . Fabricators . | . . . . . Repair Stations . | . . . . . Recycling Units 2 | . 1 . 1 . Scanalyzers 1 | . . . 1 . Garrison Access . | . . . . . Total Hacks 43 | . 22 1 20 . Successful 19 | . 7 1 11 . Failed 24 | . 15 . 9 . Catastrophic 3 | . 2 . 1 . Database Lockouts . | . . . . . Manual 8 | . 8 . . . Terminals 27 | . 19 . 8 . Fabricators . | . . . . . Repair Stations . | . . . . . Recycling Units 5 | . 3 . 2 . Scanalyzers 10 | . . . 10 . Garrison Access . | . . . . . Terminal Hacks 11 | . 6 1 4 . Record 2 | . 1 . 1 . Prototype ID Bank 1 | . 1 . . . Open Door 1 | . . 1 . . Emergency Access Points 1 | . 1 . . . Scanalyzer Index 1 | . . . 1 . Alert Level 1 | . . . 1 . Locate Traps 2 | . 1 . 1 . Maintenance Status 1 | . 1 . . . Zone Layout 1 | . 1 . . . Fabricator Hacks . | . . . . . Repair Station Hacks . | . . . . . Recycling Unit Hacks 1 | . 1 . . . Retrieve Components 1 | . 1 . . . Scanalyzer 7 | . . . 7 . Insert Component 2 | . . . 2 . Analyze 5 | . . . 5 . Garrison Access Hacks . | . . . . . Unauthorized Hacks . | . . . . . Terminals . | . . . . . Fabricators . | . . . . . Repair Stations . | . . . . . Recycling Units . | . . . . . Scanalyzers . | . . . . . Garrison Access . | . . . . . Data Cores Recovered . | . . . . . Used . | . . . . . Hacking Detections 12 | . 7 . 5 . Full Trace Events 2 | . 2 . . . Feedback Events . | . . . . . Feedback Blocked . | . . . . . Robot Schematics Acquired . | . . . . . Robots Built . | . . . . . Authchips . | . . . . . Time . | . . . . . Total Robot Build Rating . | . . . . . Part Schematics Acquired 2 | . . . 2 . Parts Built . | . . . . . Authchips . | . . . . . Time . | . . . . . Total Part Build Rating . | . . . . . Parts Repaired . | . . . . . Time . | . . . . . Parts Recycled . | . . . . . Recycled Matter . | . . . . . Retrieved Matter . | . . . . . Retrieved Components 5 | . 5 . . . Parts Scanalyzed 2 | . . . 2 . Part Schematics Acquired 2 | . . . 2 . Parts Damaged . | . . . . . Bothacking | -11 -10 -10 -9 -9 ------------ Run | Yrd Mat Min Mat Min Used RIF Installer . | . . . . . Robots Hacked . | . . . . . Non-combat . | . . . . . Combat . | . . . . . Robot Hacks Applied . | . . . . . Relay Couplers Released . | . . . . . Fabnet Peak Effective % . | . . . . . Robots Rewired . | . . . . . Allies Hacked . | . . . . . Hacks Repelled . | . . . . . Allies | -11 -10 -10 -9 -9 -------- Run | Yrd Mat Min Mat Min Total Allies . | . . . . . Largest Group . | . . . . . Highest-Rated Group . | . . . . . Highest-Rated Ally . | . . . . . Total Orders . | . . . . . Ally Attacks . | . . . . . Total Damage . | . . . . . Kills . | . . . . . Allies Corrupted . | . . . . . Allies Melted . | . . . . . Intel | -11 -10 -10 -9 -9 ------- Run | Yrd Mat Min Mat Min Robot Analysis Total . | . . . . . Derelict Logs Recovered 3 | . . 2 . 1 Drone Launches . | . . . . . Drone Recoveries . | . . . . . Exploration | -11 -10 -10 -9 -9 ------------- Run | Yrd Mat Min Mat Min Turns Passed 4119 | 78 1316 1297 1113 315 Spaces Moved 2120 | 42 662 768 465 183 Core 13 | 13 . . . . Treads 2107 | 29 662 768 465 183 Legs . | . . . . . Wheels . | . . . . . Hover . | . . . . . Flight . | . . . . . Fastest Speed 50 | 50 160 160 160 160 Average Speed 160 | 160 160 160 161 160 Slowest Speed 240 | 200 240 160 240 160 Overloaded Moves . | . . . . . Propulsion Burnouts . | . . . . . Robots Hopped . | . . . . . Cave-ins Triggered . | . . . . . Exploration Rate (%) 55 | 5 94 101 36 42 Regions Visited 4 Branch Regions 2 Pre-discovered Areas 2 | . . 1 . 1 Known Exits Taken 3 | . 1 1 1 . Unknown Exits Taken 1 | 1 . . . . Scrap Searched 1 | . . 1 . . Spaces Dug 22 | . 9 . 13 . Terrain Destroyed 42 | . 11 . 31 . Melee 15 | . 9 . 6 . Projectile . | . . . . . AOE 27 | . 2 . 25 . Terrain Rammed . | . . . . . Walls Destroyed . | . . . . . Machines Disabled . | . . . . . Actions | -11 -10 -10 -9 -9 --------- Run | Yrd Mat Min Mat Min Total 2621 | 50 819 822 732 198 Wait 230 | . 50 32 141 7 Move 2116 | 41 661 767 464 183 Hop . | . . . . . Pick Up 24 | 3 9 5 7 . Fast Attach 17 | 6 8 . 3 . Attach 9 | . 1 . 8 . Detach 7 | . 4 . 3 . Swap 15 | . 5 2 8 . Drop 20 | . 7 4 9 . Fire 86 | . 60 12 14 . Melee 97 | . 14 . 75 8 Ram . | . . . . . Kick . | . . . . . Crush . | . . . . . Escape Stasis . | . . . . . Rewire . | . . . . . Trap . | . . . . . Miscellaneous . | . . . . . Route ------- -11/Scrapyard -10/Materials (discovered 4 exits: *Mat x3 / *Min) -10/Mines (discovered 3 exits: *Mat x2 / *Sub) -9/Materials -9/Mines (discovered 1 exit: *Mat) History --------- Turn | Location | Event 21 | -11/Scrapyard | Discovered new exit (range 15) 79 | -11/Scrapyard | Entered Materials 302 | -10/Materials | Build established: Mutant 334 | -10/Materials | Discovered new exit (range 12) 538 | -10/Materials | Discovered new exit (range 16) 737 | -10/Materials | Discovered new exit (range 14) 1094 | -10/Materials | Identified exit to Mines 1303 | -10/Materials | Discovered new exit (range 16) 1330 | -10/Materials | Identified exit to Materials 1395 | -10/Materials | Entered Mines 1496 | -10/Mines | Learned Materials terminal intel 1505 | -10/Mines | Received a Rocket Launcher from a helpful Derelict 1509 | -10/Mines | Discovered exit to Materials (range 11) 1689 | -10/Mines | Core integrity fell below 50% 1906 | -10/Mines | Found the Drone Emporium 1985 | -10/Mines | Found a damaged Exp. Sensor Array with a note attached 1989 | -10/Mines | Found Prototype Device 2091 | -10/Mines | Learned location of Zion (-6) 2098 | -10/Mines | Discovered exit to Materials (range 7) 2128 | -10/Mines | Discovered new exit (range 6) 2134 | -10/Mines | Identified exit to Subcaves 2195 | -10/Mines | A weapon hastily lodged in a ceiling crevice suddenly fell to the ground 2692 | -10/Mines | Entered Materials 2692 | -9/Materials | Evolved 2 slots: Utility x2 2693 | -9/Materials | Loaded intel: 12 terminal locations 2879 | -9/Materials | Lost 3 parts (1p2n) 3241 | -9/Materials | Core integrity fell below 50% 3363 | -9/Materials | Identified Exp. Sensor Array 3551 | -9/Materials | Core integrity fell below 20% 3774 | -9/Materials | Discovered new exit (range 7) 3803 | -9/Materials | Identified exit to Mines 3805 | -9/Materials | Entered Mines 3806 | -9/Mines | Learned location of Storage (-8) 3810 | -9/Mines | Assembled infested the area 3895 | -9/Mines | Discovered new exit (range 5) 3900 | -9/Mines | Identified exit to Materials 4120 | -9/Mines | Destroyed by as-47336 with Assembled Blade Last Messages --------------- Storage failed. Whatever you do stay away from that place, they've tightened security following our previous successful raids." World map updated: -8/Storage. 03808_ Q8-PAH(g): "We scattered so the Unaware couldn't effectively use their advantage in numbers, and I suggest you do the same." 03808_ Q8-PAH(g) slips back into the shadows. 03810_ ALERT: Infestation in the mines, dispatching Demolisher response squad. 03895_ EXIT=FOUND 03900_ EXIT=IDENTIFIED: MATERIALS 03904_ System corrupted: Substantial component data lost. 03936_ K-01 Serf collects debris. 03959_ System corrupted: Component data lost. 04010_ Acquired 10 matter. 04065_ Acquired derelict log, extracted data. Data stored: Storage entrances (x1). 04110_ Lgt. Treads destroyed. Map ----- +----------------------------------------------------+ | | | ?????????????????????????????????????????????????? | | ?????????????????????????????????????????????????? | | ?????????????????????????????????????????????????? | | ##???????????????????????????????????????????????? | | #???????????????????????????????????????????????? | | #????????##?????##??????????????????????????????? | | #????????# ?? ??????????????????????????????? | | #????????# ??????????????????????????????? | | #????????# """ """x?????????????????????????????? | | #????????# """ """ ?????????????????????????????? | | #????????# """ """x?????????????????????????????? | | ##????????# """ "????????????????????????????????? | | #######???# ???x??????????????????????????????? | | # #????# #???????????????????????????????????? | | ##???# #???????????????????????????????????? | | ##??# ######??????????????????????????????? | | ##?# #??????????????????????????????? | | #?# #### #??????????????????????????????? | | #?# #??# #########??????????????????????? | | ##?# #??# #??????????????????????? | | #??# #??######### #??????????????????????? | | ##??# ####???????# #??????????????????????? | | # < ##???# #???????# #??????????????????????? | | ## ##????#### #???????# #??????????????????????? | | ?## ##????????# ###?????#@#??????????????????????? | | ??# #?????????# #?????# a ?????????????????????? | | ### #?????????### #?????#####????????????????????? | | #?????##??### #???????????x??????????????????? | | ## #????## ### #??????????????????????????????? | | ## #????# ##?????????????????????????????? | | ## #????## #?????????????????????????????? | | #?????## #?????????????????????????????? | | ####??????## #?????????????????????????????? | | #??????????### ##?????????????????????????????? | | #???????####?# ###??????????????????????????????? | | ##?????## ### #??????????????x?????????????????? | | ##????# ## #????????????????????????????????? | | ##???# ## #######??????????????????????????? | | #???# x #??????????????????????? | | #??## #########??????????????????????????? | | ] ##??# #??????????????????????????????????? | | ##???# ##??????????????????????????????????? | | ##????# ##???????????????????????????????????? | | ######## ##????????????????????????????????????? | | ## #?????????????????????????????????????? | | ##### "#?????????????????????????????????????? | | ### #???#"%#?????????????????????????????????????? | | ??# #??# " #????????????????????????????????????? | | ??# #??# ???????????????????????????????????? | +----------------------------------------------------+ Best States ------------- Heat Dissipation 35 Energy Generation 14 Energy Capacity 280 Matter Stores 300 Matter Capacity 300 Sight Range 16 Robot Scan Range 20 Terrain Scan Density 10 ECM Strength 1 Propulsion Shielding 33 Evasion (%) 40 Recoil Reduction 2 Item Schematics ----------------- Exp. Sensor Array | -9/Materials | Scanalyzed Hvy. Ion Engine | -9/Materials | Scanalyzed Robot Schematics ------------------ None Fabricated ------------ Nothing Alien Tech Used ----------------- None Achievements -------------- None Challenges ------------ None Game ------ Seed GuidanceCoilArachnoskeleton Manual? 0 Play Time 00:36:30 Cumulative 41.1 hours Start 2024.04.25 @ 21:01:06 End 2024.04.25 @ 21:42:35 Sessions 1 Manual Loads 0 Difficulty Rogue Special Mode None Game No. 66 Rogue 66 Adventurer 0 Explorer 0 Win Type - Total 0 Types 0/0/0/0/0/0/0/0/0 Lore% 22 Gallery% 30 Achievement% 25 Wizard Run 0 Options --------- Layout 1 ASCII 0 Keyboard 1 Movement Numpad Keybinds 0 Fullscreen 1 Font 24/Smallcaps Map View 50x35 Zoom Use 0% Tactical HUD 1 Map Filters NONE Filters NONE Steam 1 RUN: f74d7593-2c4c-4417-8548-1d0f83d1664f